 Dungeon Crawl Stone Soup version 0.26-a0-597-gb535b0901c (webtiles) character file.

Game seed: 4160727882082412501

36834 Apogee the Thaumaturge (level 13, -14/99 HPs)
             Began as a Gnoll Venom Mage on Sept 10, 2020.
             Was the Champion of Cheibriados.
             Demolished by a very large slime creature (45 damage)
             ... on level 15 of the Dungeon.
             The game lasted 00:46:02 (17091 turns).

Apogee the Thaumaturge (Gnoll Venom Mage)          Turns: 17091, Time: 00:46:03

Health: -14/99     AC:  9    Str: 35    XL:     13   Next: 92%
Magic:  26/27      EV: 24    Int: 34    God:    Cheibriados [******]
Gold:   777        SH: 14    Dex: 34    Spells: 9/32 levels left

rFire    . . .     SeeInvis .   c - +1 scimitar "Kewkoun" {protect, MR+ Dex+3}
rCold    . . .     Faith    .   T - +0 buckler
rNeg     . . .     Spirit   .   w - +0 troll leather armour
rPois    .         Reflect  +   D - +0 helmet
rElec    .         Harm     .   (no cloak)
rCorr    .                      M - +1 pair of gloves
MR       +....                  (no boots)
Stlth    +++++.....             K - amulet of reflection
HPRegen  0.66/turn              N - +6 ring of strength
MPRegen  0.20/turn              (no ring)

@: very slow
A: distributed training, fangs 1, strong nose
a: Bend Time, Temporal Distortion, Slouch, Step From Time, Renounce Religion


You were on level 15 of the Dungeon.
You worshipped Cheibriados.
Cheibriados was exalted by your worship.
You visited 2 branches of the dungeon, and saw 16 of its levels.

You collected 1127 gold pieces.
You spent 350 gold pieces at shops.

Inventory:

Hand Weapons
 c - the +1 scimitar "Kewkoun" (weapon) {protect, MR+ Dex+3}
   (You found it on level 9 of the Dungeon)

   It grants its wielder temporary protection when it strikes (+7 to AC).
   It affects your dexterity (+3).
   It affects your resistance to hostile enchantments.
 G - the +9 dagger of the Boar {vorpal, Str+6}
   (You found it on level 5 of the Dungeon)

   It inflicts extra damage upon your enemies.
   It affects your strength (+6).
 I - a +2 vampiric broad axe {!w}
   (You took it off Urug on level 10 of the Dungeon)
 S - the +11 dagger "Hulluvus" {holy, rElec Int-4 SInv, unknown}
   (You found it on level 12 of the Dungeon)

   It has been blessed by the Shining One to cause great damage to the undead
   and demons.
   It affects your intelligence (-4).
   It insulates you from electricity.
   It lets you see invisible.
Missiles
 E - 6 javelins
 H - 364 stones (quivered)
Armour
 w - a +0 troll leather armour (worn)
   (You found it on level 9 of the Dungeon)
 D - a +0 helmet (worn)
   (You found it on level 5 of the Dungeon)
 M - a +1 pair of gloves (worn)
   (You found it on level 7 of the Dungeon)
 T - a +0 buckler (worn)
   (You took it off a gnoll sergeant on level 9 of the Dungeon)
Jewellery
 e - an uncursed amulet of magic regeneration
   (You found it on level 1 of the Dungeon)
 o - an uncursed ring of protection from cold
   (You found it on level 4 of the Dungeon)
 K - an amulet of reflection (around neck)
   (You found it on level 6 of the Dungeon)
 N - a +6 ring of strength (left hand)
   (You found it on level 7 of the Dungeon)
 P - an uncursed ring of protection from fire {unknown}
   (You found it on level 12 of the Dungeon)
 Q - an uncursed ring of protection from cold
   (You found it on level 8 of the Dungeon)
Wands
 a - a wand of enslavement (9)
   (You found it on level 8 of the Dungeon)
 d - a wand of iceblast (25)
   (You found it on level 8 of the Dungeon)
 q - a wand of polymorph (22)
   (You found it on level 2 of the Dungeon)
 t - a wand of flame (74)
   (You took it off Edmund on level 5 of the Dungeon)
 v - a wand of digging (6)
   (You took it off a centaur on level 12 of the Dungeon)
 x - a wand of acid (19)
   (You found it on level 7 of the Dungeon)
Scrolls
 b - a scroll of enchant weapon {unknown}
 f - 4 scrolls of immolation {!r}
 g - 4 scrolls of identify {@r1}
 h - a scroll of blinking {unknown}
 i - a scroll of vulnerability {unknown}
 j - 5 scrolls of magic mapping
 l - 11 scrolls of remove curse {@r2}
 p - 8 scrolls of teleportation {@r4}
 s - 2 scrolls of random uselessness {unknown}
 y - 8 scrolls of amnesia
 B - 4 scrolls of fear
 J - a scroll of fog {unknown}
Potions
 k - 3 potions of flight
 m - a potion of invisibility
 n - 2 potions of cancellation
 r - 3 potions of brilliance
 u - 3 potions of curing {@q1}
 z - 3 potions of stabbing
 A - a potion of magic
 C - 4 potions of mutation {!q}
 F - 2 potions of lignification {!q}
 L - 2 potions of ambrosia
 O - a potion of resistance
 R - 2 potions of heal wounds {@q2}


   Skills:
 + Level 8.7 Fighting
 + Level 8.7 Short Blades
 + Level 8.7 Long Blades
 + Level 8.7 Axes
 + Level 8.7 Maces & Flails
 + Level 8.7 Polearms
 + Level 8.7 Staves
 + Level 8.7 Slings
 + Level 8.7 Bows
 + Level 8.7 Crossbows
 + Level 8.7 Throwing
 + Level 8.7 Armour
 + Level 9.8 Dodging
 + Level 9.7 Stealth
 + Level 8.7 Shields
 + Level 8.7 Unarmed Combat
 + Level 10.0 Spellcasting
 + Level 7.2 Conjurations
 + Level 7.2 Hexes
 + Level 7.2 Summonings
 + Level 7.2 Necromancy
 + Level 7.2 Translocations
 + Level 7.6 Transmutations
 + Level 7.2 Fire Magic
 + Level 7.2 Ice Magic
 + Level 7.2 Air Magic
 + Level 7.2 Earth Magic
 + Level 9.2 Poison Magic
 + Level 9.5 Invocations
 + Level 8.7 Evocations


You had 9 spell levels left.
You knew the following spells:

 Your Spells              Type           Power        Failure   Level
a - Sting                 Tmut/Pois      ####         1%          1
b - Ignite Poison         Fire/Tmut/Pois ######..     1%          3
c - Apportation           Tloc           ######       1%          1
d - Fireball              Conj/Fire      ######....   4%          5
f - Mephitic Cloud        Conj/Pois/Air  ######..     1%          3
x - Poisonous Vapours     Pois/Air       ######       1%          2
y - Olgreb's Toxic Radia  Pois           ######..     1%          4
z - Summon Lightning Spi  Summ/Air       ######..     1%          4

Your spell library contained the following spells:

 Spells                   Type           Power        Failure   Level
 Animate Skeleton         Necr           ######       1%          1
 Corona                   Hex            ######.      1%          1
 Foxfire                  Conj/Fire      ####         1%          1
 Pain                     Necr           ####         1%          1
 Summon Small Mammal      Summ           ####         1%          1
 Call Imp                 Summ           ######..     1%          2
 Call Canine Familiar     Summ           ######..     1%          3
 Conjure Flame            Conj/Fire      ######..     1%          3
 Inner Flame              Hex/Fire       ######..     1%          3
 Summon Guardian Golem    Hex/Summ       ######..     1%          3
 Vampiric Draining        Necr           ######....   1%          3
 Animate Dead             Necr           ######....   1%          4
 Sticky Flame             Conj/Fire      ######..     1%          4
 Summon Ice Beast         Ice/Summ       ######..     1%          4
 Agony                    Necr           ######..     4%          5


Dungeon Overview and Level Annotations

Branches:
Dungeon (15/15)            Temple (1/1) D:6            Lair (0/6) D:9
    Orc (0/2) D:9          Vaults (0/5) D:13
 Depths: D:15

Altars:
Ashenzari
Cheibriados
Dithmenos
Elyvilon
Fedhas
Gozag
Hepliaklqana
Kikubaaqudgha
Makhleb
Nemelex Xobeh
Okawaru
Qazlal
Ru
Sif Muna
Trog
Uskayaw
Vehumet
Wu Jian
Xom
Yredelemnul
Zin
The Shining One

Shops:
D:11 !


Innate Abilities, Weirdness & Mutations

Your experience applies equally to all skills.
You have very sharp teeth.
Your uncanny sense of smell can sniff out nearby items.


Message History

You riposte.
You hit the large slime creature.
Two slime creatures merge to form a titanic slime creature.
Unknown command.
Unknown command.
Unknown command.
You hit the titanic slime creature. You block something's attack.
Your lightning spire shoots out a bolt of lightning at the titanic slime creature!
The bolt of electricity hits the titanic slime creature!
Unknown command.
Unknown command.
You slash the titanic slime creature!
Your lightning spire shoots out a bolt of lightning at the titanic slime creature!
The bolt of electricity hits the titanic slime creature!!
A titanic slime creature splits.
Unknown command.
You slash the large slime creature!
Something barely misses your lightning spire.
Something hits your lightning spire!
The very large slime creature closely misses you.
The large slime creature misses you.
You barely miss the large slime creature.
Something hits your lightning spire. Something hits your lightning spire.
Your lightning spire shoots out a bolt of lightning at the large slime creature!
The bolt of electricity hits the large slime creature!
The bolt of electricity hits the very large slime creature!!
The bolt of electricity hits the slime creature!!
Something barely misses your lightning spire.
The very large slime creature hits you!!!
* * * LOW HITPOINT WARNING * * *
A large slime creature splits.
Unknown command.
You catch the helpless slime creature completely off-guard!
You slice the slime creature!! Something hits your lightning spire.
Something hits your lightning spire.
Your lightning spire shoots out a bolt of lightning at the slime creature!
The bolt of electricity hits the slime creature.
The bolt of electricity hits the very large slime creature!
The bolt of electricity hits the slime creature!
Something hits your lightning spire.
Two slime creatures merge to form an enormous slime creature.
Two slime creatures merge to form a titanic slime creature.
Unknown command.
The slime creature hits something.
Unknown command.
A titanic slime creature splits.
A large slime creature splits.
The very large slime creature hits you!!!
You die...

#.....# #......... #.....#
#..####### ##....#
#..+...... #....# #..#......
#....# #..#...... .......
#....#####..#...... .......
#...........#......
.......###...#######.#######
.......#...@J# #........
.....#...JJ# #........
#...#.....# #........
#...##'####.. #.#######
#......8...... ###
#.............
#.#+####....## # ....# ....#


You could see a very large slime creature and 2 slime creatures.

Vanquished Creatures
  Jorgrun (D:14)
  Kirke (D:12)
  An ogre mage (D:14)
  A hydra (D:14)
  2 death knights
  8 two-headed ogres
  Urug (D:10)
  2 skeletal warriors
  2 unseen horrors
  Pikel (D:8)
  2 phantasmal warriors (D:14)
  7 ugly things
  2 manticores
  Joseph (D:10)
  A gargoyle (D:12)
  2 kobold demonologists
  A freezing wraith (D:12)
  A komodo dragon (D:11)
  4 trolls
  Grinder (D:6)
  7 hippogriffs
  A water elemental (D:11)
  A wyvern (D:12)
  8 wraiths
  7 yaks
  5 hogs (D:12)
  Menkaure (D:5)
  Edmund (D:5)
  A porcupine (D:9)
  A water moccasin (D:14)
  10 orc warriors
  3 ice beasts
  6 sky beasts
  An eye of draining (D:13)
  4 phantoms
  A necrophage (D:8)
  A black bear (D:10)
  14 centaurs
  17 ogres
  3 lemures
  4 big kobolds
  3 gnoll sergeants (D:9)
  13 bullfrogs
  6 scorpions
  3 killer bees (D:8)
  4 wights
  5 electric eels (D:11)
  A quasit (D:15)
  4 bullfrog zombies
  2 centaur zombies
  9 hounds
  2 jellies
  5 orc priests
  A bullfrog skeleton (D:6)
  4 centaur skeletons
  Ijyb (D:2)
  6 iguanas
  14 orc wizards
  6 worker ants
  A hound zombie (D:10)
  16 gnolls
  6 adders
  4 shadow imps
  2 white imps
  An ooze (D:3)
  An adder skeleton (D:9)
  An adder zombie (D:10)
  2 worms (D:3)
  3 dart slugs
  3 leopard geckos
  37 orcs
  3 ball pythons
  6 giant cockroaches
  23 goblins
  3 hobgoblins
  6 jackals
  21 kobolds
  10 quokkas
  7 bats
  7 frilled lizards
  A quokka skeleton (D:8)
  10 rats
402 creatures vanquished.

Vanquished Creatures (collateral kills)
  A death knight (D:13)
  2 centaur warriors (D:13)
  A skeletal warrior (D:12)
  A deep elf mage (D:13)
  An ugly thing (D:14)
  A hippogriff (D:13)
  A water elemental (D:13)
  A wyvern (D:11)
  A wraith (D:14)
  A yak (D:11)
  A basilisk (D:13)
  A water moccasin (D:11)
  An acid dragon (D:14)
  3 centaurs
  A bullfrog (D:14)
  5 wights
  2 jellies
  A worker ant (D:13)
  4 orcs
  A jackal (D:11)
31 creatures vanquished.

Vanquished Creatures (others)
  2 humans (D:12)
  An orc (D:13)
  6 fungi (D:9)
  7 plants (D:9)
16 creatures vanquished.

Grand Total: 449 creatures vanquished

Notes
Turn   | Place    | Note
-------+----------+-------------------------------------------
     0 | D:1      | Apogee the Gnoll Venom Mage began the quest for the Orb.
     0 | D:1      | Reached XP level 1. HP: 13/13 MP: 6/6
    95 | D:1      | Reached XP level 2. HP: 18/19 MP: 0/7
   248 | D:1      | Learned a level 2 spell: Poisonous Vapours
   559 | D:1      | Reached XP level 3. HP: 25/25 MP: 9/9
   562 | D:1      | Reached skill level 5 in Spellcasting
   786 | D:1      | Reached skill level 1 in Invocations
  1413 | D:2      | Reached skill level 1 in Fighting
  1413 | D:2      | Reached skill level 1 in Short Blades
  1413 | D:2      | Reached skill level 1 in Long Blades
  1413 | D:2      | Reached skill level 1 in Axes
  1413 | D:2      | Reached skill level 1 in Maces & Flails
  1413 | D:2      | Reached skill level 1 in Polearms
  1413 | D:2      | Reached skill level 1 in Staves
  1413 | D:2      | Reached skill level 1 in Slings
  1413 | D:2      | Reached skill level 1 in Bows
  1413 | D:2      | Reached skill level 1 in Crossbows
  1413 | D:2      | Reached skill level 1 in Throwing
  1413 | D:2      | Reached skill level 1 in Armour
  1413 | D:2      | Reached skill level 1 in Shields
  1413 | D:2      | Reached skill level 1 in Unarmed Combat
  1413 | D:2      | Reached skill level 1 in Evocations
  1613 | D:2      | Reached XP level 4. HP: 16/32 MP: 9/11
  1862 | D:2      | Learned a level 4 spell: Olgreb's Toxic Radiance
  1874 | D:2      | Noticed Ijyb
  1885 | D:2      | Killed Ijyb
  1885 | D:2      | Reached skill level 1 in Conjurations
  1885 | D:2      | Reached skill level 1 in Hexes
  1885 | D:2      | Reached skill level 1 in Summonings
  1885 | D:2      | Reached skill level 1 in Necromancy
  1885 | D:2      | Reached skill level 1 in Translocations
  1885 | D:2      | Reached skill level 1 in Fire Magic
  1885 | D:2      | Reached skill level 1 in Ice Magic
  1885 | D:2      | Reached skill level 1 in Air Magic
  1885 | D:2      | Reached skill level 1 in Earth Magic
  2539 | D:3      | Reached XP level 5. HP: 37/37 MP: 12/12
  3653 | D:4      | Noticed an ogre
  3666 | D:4      | Killed an ogre
  3666 | D:4      | Reached XP level 6. HP: 44/44 MP: 5/13
  3671 | D:4      | Learned a level 3 spell: Ignite Poison
  3675 | D:4      | Learned a level 3 spell: Mephitic Cloud
  3822 | D:4      | Reached skill level 5 in Dodging
  4622 | D:4      | Found an ornate altar of the Wu Jian Council.
  4716 | D:5      | Entered Level 5 of the Dungeon
  4756 | D:5      | Noticed a sky beast
  4761 | D:5      | Killed a sky beast
  4761 | D:5      | Reached XP level 7. HP: 50/50 MP: 3/15
  5405 | D:5      | Reached skill level 5 in Stealth
  5654 | D:5      | Noticed Menkaure
  5666 | D:5      | Killed Menkaure
  5828 | D:5      | Got an iridescent dagger
  5849 | D:5      | Identified the +9 dagger of the Boar {vorpal, Str+6} (You
                  | found it on level 5 of the Dungeon)
  5963 | D:5      | Noticed Edmund
  5968 | D:5      | Killed Edmund
  5968 | D:5      | Reached XP level 8. HP: 58/58 MP: 12/16
  6162 | D:5      | Found a white marble altar of Elyvilon.
  6232 | D:6      | Reached skill level 6 in Spellcasting
  6682 | D:6      | Found a staircase to the Ecumenical Temple.
  6691 | D:6      | Noticed Grinder
  6721 | D:6      | Killed Grinder
  6729 | Temple   | Entered the Ecumenical Temple
  7104 | D:6      | Reached XP level 9. HP: 65/65 MP: 9/18
  8123 | D:6      | Reached skill level 5 in Invocations
  8552 | D:7      | Reached skill level 7 in Spellcasting
  8552 | D:7      | Reached XP level 10. HP: 73/73 MP: 10/20
  8843 | D:8      | Found a snail-covered altar of Cheibriados.
  8849 | D:8      | Noticed Pikel
  8970 | D:8      | Reached skill level 5 in Fighting
  8970 | D:8      | Reached skill level 5 in Short Blades
  8970 | D:8      | Reached skill level 5 in Long Blades
  8970 | D:8      | Reached skill level 5 in Axes
  8970 | D:8      | Reached skill level 5 in Maces & Flails
  8970 | D:8      | Reached skill level 5 in Polearms
  8970 | D:8      | Reached skill level 5 in Staves
  8970 | D:8      | Reached skill level 5 in Slings
  8970 | D:8      | Reached skill level 5 in Bows
  8970 | D:8      | Reached skill level 5 in Crossbows
  8970 | D:8      | Reached skill level 5 in Throwing
  8970 | D:8      | Reached skill level 5 in Armour
  8970 | D:8      | Reached skill level 5 in Shields
  8970 | D:8      | Reached skill level 5 in Unarmed Combat
  8970 | D:8      | Reached skill level 5 in Evocations
  9207 | D:8      | Killed Pikel
  9392 | D:8      | Found a glowing golden altar of the Shining One.
  9449 | D:8      | Became a worshipper of Cheibriados the Contemplative
  9454 | D:8      | Found a radiant altar of Vehumet.
  9841 | D:8      | Reached skill level 5 in Transmutations
  9853 | D:8      | Found the +5 scythe "Finisher" {speed, eviscerate}
 10265 | D:9      | Reached * piety under Cheibriados
 10428 | D:9      | Noticed a two-headed ogre
 10432 | D:9      | Killed a two-headed ogre
 10432 | D:9      | Reached XP level 11. HP: 81/81 MP: 11/22
 10493 | D:9      | Found a shimmering blue altar of Sif Muna.
 10589 | D:9      | Reached skill level 5 in Conjurations
 10589 | D:9      | Reached skill level 5 in Hexes
 10589 | D:9      | Reached skill level 5 in Summonings
 10589 | D:9      | Reached skill level 5 in Necromancy
 10589 | D:9      | Reached skill level 5 in Translocations
 10589 | D:9      | Reached skill level 5 in Fire Magic
 10589 | D:9      | Reached skill level 5 in Ice Magic
 10589 | D:9      | Reached skill level 5 in Air Magic
 10589 | D:9      | Reached skill level 5 in Earth Magic
 10695 | D:9      | Found a staircase to the Lair.
 10703 | D:9      | Got a pitted scimitar
 10718 | D:9      | Identified the cursed +1 scimitar "Kewkoun" {protect, MR+
                  | Dex+3} (You found it on level 9 of the Dungeon)
 10819 | D:9      | Found a staircase to the Orcish Mines.
 10822 | D:9      | Reached skill level 8 in Spellcasting
 10822 | D:9      | Reached ** piety under Cheibriados
 10993 | D:9      | Noticed a two-headed ogre
 10997 | D:9      | Killed a two-headed ogre
 11008 | D:9      | Reached *** piety under Cheibriados
 11277 | D:10     | Entered Level 10 of the Dungeon
 11350 | D:9      | Learned a level 4 spell: Summon Lightning Spire
 11386 | D:10     | Killed an unseen horror
 11583 | D:10     | Learned a level 1 spell: Apportation
 11583 | D:10     | Noticed Urug
 11593 | D:10     | Killed Urug
 11702 | D:10     | Noticed a two-headed ogre
 11717 | D:10     | Killed a two-headed ogre
 11791 | D:10     | Noticed Joseph
 11796 | D:10     | Killed Joseph
 11796 | D:10     | Reached XP level 12. HP: 72/89 MP: 16/24
 11924 | D:10     | Reached **** piety under Cheibriados
 12282 | D:11     | Found Lexouset's Distillery.
 12285 | D:11     | Bought a potion of stabbing for 56 gold pieces
 12285 | D:11     | Bought a potion of flight for 42 gold pieces
 12285 | D:11     | Bought a potion of mutation for 112 gold pieces
 12285 | D:11     | Bought a potion of heal wounds for 70 gold pieces
 12285 | D:11     | Bought a potion of heal wounds for 70 gold pieces
 12987 | D:11     | Reached ***** piety under Cheibriados
 13021 | D:11     | You fall into a shaft and drop 2 floors!
 13029 | D:13     | Noticed a centaur warrior
 13037 | D:13     | Killed a centaur warrior
 13262 | D:13     | Noticed a centaur warrior
 13272 | D:13     | Killed a centaur warrior
 13272 | D:13     | Reached skill level 9 in Spellcasting
 13368 | D:13     | Noticed a death knight
 13380 | D:13     | Killed a death knight
 13478 | D:13     | Found a gate to the Vaults.
 13812 | D:12     | Noticed Kirke
 13822 | D:12     | Killed Kirke
 14011 | D:12     | Noticed a death knight
 14023 | D:12     | Killed a death knight
 14334 | D:14     | Learned a level 5 spell: Fireball
 14410 | D:14     | Noticed an ogre mage
 14412 | D:14     | Noticed a two-headed ogre
 14412 | D:14     | Noticed a two-headed ogre
 14413 | D:14     | Noticed a two-headed ogre
 14416 | D:14     | Killed an ogre mage
 14416 | D:14     | Reached XP level 13. HP: 98/98 MP: 11/26
 14736 | D:14     | Noticed Jorgrun
 14745 | D:14     | Killed Jorgrun
 14748 | D:14     | Reached ****** piety under Cheibriados
 15761 | D:12     | Got a brightly glowing dagger
 16413 | D:11     | Reached skill level 10 in Spellcasting
 16926 | D:15     | Entered Level 15 of the Dungeon
 17091 | D:15     | Demolished by a very large slime creature

Illustrated notes

Levels and vault maps discovered:
D:1:      lightli_molten_gateway, layout_basic, minmay_small_reverse_x
D:2:      kennysheep_the_goblin_king, layout_loops_ring
D:3:      layout_loops_corners, kennysheep_generic_room_4
D:4:      layout_basic, nicolae_overflow_hidden_temple,
          hangedman_minor_gate_pass
D:5:      layout_basic, lemuel_coloured_pillars_altar, st_stairs_11,
          kennysheep_another_room, dk_noncrumbling_2, minivault_1, uniq_edmund,
          uniq_menkaure
D:6:      layout_basic, minmay_temple_entry_water_ring, uniq_grinder
D:7:      layout_cave_pools
D:8:      layout_rooms, kennysheep_mini_moat, nicolae_overflow_crystal_walls,
          cheibriados_altar_1, minmay_guarded_unrand_finisher, uniq_pikel
D:9:      layout_basic, old_standard_altar, grunt_lair_entry_orc_guard_hut,
          kennysheep_orc_monster_closet_entryway
D:10:     layout_cave_pools, uniq_urug, uniq_joseph
D:11:     layout_basic, serial_shops, nicolae_shop_behind_doors, st_stairs_14
D:12:     layout_irregular_city, uniq_kirke
D:13:     layout_big_octagon, minmay_misc_feat_nine_boxes
D:14:     layout_long_grid, palyth_stone_intersect, uniq_jorgrun
D:15:     gammafunk_enter_depths_forms, layout_irregular_city,
          hangedman_decor_points
Temple:   eino_temple_rhombus

Skill      XL: |  1  2  3  4  5  6  7  8  9 10 11 12 13 |
---------------+----------------------------------------+-----
Transmutations | 2 3 4 5 6 7 |  7.6
Spellcasting   | 5 6 7 8 9 10 | 10.0
Invocations    | 1 2 3 4 5 6 7 8 9 |  9.5
Fighting       | 1 2 3 4 5 6 7 8 |  8.7
Short Blades   | 1 2 3 4 5 6 7 8 |  8.7
Long Blades    | 1 2 3 4 5 6 7 8 |  8.7
Axes           | 1 2 3 4 5 6 7 8 |  8.7
Maces & Flails | 1 2 3 4 5 6 7 8 |  8.7
Polearms       | 1 2 3 4 5 6 7 8 |  8.7
Staves         | 1 2 3 4 5 6 7 8 |  8.7
Slings         | 1 2 3 4 5 6 7 8 |  8.7
Bows           | 1 2 3 4 5 6 7 8 |  8.7
Crossbows      | 1 2 3 4 5 6 7 8 |  8.7
Throwing       | 1 2 3 4 5 6 7 8 |  8.7
Armour         | 1 2 3 4 5 6 7 8 |  8.7
Shields        | 1 2 3 4 5 6 7 8 |  8.7
Unarmed Combat | 1 2 3 4 5 6 7 8 |  8.7
Evocations     | 1 2 3 4 5 6 7 8 |  8.7
Conjurations   | 1 2 3 4 5 6 7 |  7.2
Hexes          | 1 2 3 4 5 6 7 |  7.2
Summonings     | 1 2 3 4 5 6 7 |  7.2
Necromancy     | 1 2 3 4 5 6 7 |  7.2
Translocations | 1 2 3 4 5 6 7 |  7.2
Fire Magic     | 1 2 3 4 5 6 7 |  7.2
Ice Magic      | 1 2 3 4 5 6 7 |  7.2
Air Magic      | 1 2 3 4 5 6 7 |  7.2
Earth Magic    | 1 2 3 4 5 6 7 |  7.2
Dodging        | 5 6 7 8 9 |  9.8
Stealth        | 5 6 7 8 9 |  9.7
Poison Magic   | 6 7 8 9 |  9.2

Action                   |  1- 3 |  4- 6 |  7- 9 | 10-12 | 13-15 || total
-------------------------+-------+-------+-------+-------+-------++-------
Melee: Unarmed           |     6 |       |       |       |       ||     6
       Club              |     1 |       |       |       |       ||     1
       Dagger            |    94 |   101 |   129 |   129 |       ||   453
       Bite              |     5 |     8 |    12 |    67 |    42 ||   134
       Punch             |       |     1 |       |    23 |    16 ||    40
       Scimitar          |       |       |       |   140 |   152 ||   292
Throw: Stone             |       |     1 |     4 |     3 |     3 ||    11
 Cast: Sting             |    18 |     2 |     8 |     4 |       ||    32
       Poisonous Vapours |     5 |    42 |    26 |    58 |     7 ||   138
       Ignite Poison     |       |     2 |    22 |    53 |     9 ||    86
       Mephitic Cloud    |       |       |    14 |    11 |     3 ||    28
       Olgreb's Toxic Ra |       |       |     8 |    23 |     2 ||    33
       Summon Lightning  |       |       |       |    19 |    10 ||    29
       Fireball          |       |       |       |       |     9 ||     9
Evoke: Wand              |       |       |     2 |       |       ||     2
  Use: Potion            |       |       |       |     4 |       ||     4
       Scroll            |       |       |       |    18 |       ||    18
 Stab: Sleeping          |     6 |    10 |     1 |     5 |     8 ||    30
       Confused          |       |       |     1 |       |       ||     1
       Distracted        |       |       |       |     3 |     5 ||     8
Armor: Robe              |    14 |    11 |     4 |       |       ||    29
       Leather armour    |       |       |    11 |    11 |       ||    22
       Troll leather arm |       |       |       |    58 |    28 ||    86
Dodge: Dodged            |    95 |    60 |    96 |   310 |   112 ||   673
Block: Other             |       |       |       |     2 |    22 ||    24
       Buckler           |       |       |       |       |    21 ||    21
       Reflection        |       |       |       |       |     4 ||     4
       Rpst.: Scimitar   |       |       |       |    52 |    25 ||    77

Table legend: (Time is in decaauts)
 A = Elapsed time spent in this place.
 B = Non-inter-level travel time spent in this place.
 C = Inter-level travel time spent in this place.
 D = Time resting spent in this place.
 E = Time spent auto-exploring this place.
 F = Levels seen in this place.
 G = Mean time per level.
                   A        B        C        D        E       F      G
               +--------+--------+--------+--------+--------+-----+--------+
         Total |  20084 |  19150 |    934 |   2499 |  13359 |  16 | 1255.2 |
       Dungeon |  19778 |  18858 |    920 |   2499 |  13073 |  15 | 1318.5 |
        Temple |    305 |    291 |     14 |      0 |    286 |   1 |  305.0 |
               +--------+--------+--------+--------+--------+-----+--------+

Top non-repeatable levels by time:
    D:14: 2101 daAuts
    D:12: 1715 daAuts
    D:10: 1547 daAuts
     D:8: 1500 daAuts
    D:11: 1493 daAuts
     D:5: 1468 daAuts
     D:3: 1379 daAuts
     D:6: 1371 daAuts
     D:9: 1254 daAuts
    D:13: 1245 daAuts
     D:2: 1212 daAuts
     D:4: 1141 daAuts
     D:7: 1106 daAuts
     D:1: 971 daAuts
  Temple: 305 daAuts
